 Dungeon Crawl Stone Soup version 0.30-a0-1016-gfb0d676c02 (webtiles) character file.

Game seed: 10078837349051339962

3403 ThatPearl the Cleaver (level 10, -1/90 HPs)
             Began as a Hill Orc Monk on Apr 7, 2023.
             Slain by an orc warrior
             ... wielding a +0 trident
              (5 damage)
             ... on level 8 of the Dungeon.
             The game lasted 00:19:47 (6364 turns).

ThatPearl the Cleaver (Hill Orc Monk)               Turns: 6364, Time: 00:19:47

Health: -1/90      AC: 11    Str: 19    XL:     10   Next: 4%
Magic:  10/10      EV: 11    Int: 10    God:
Gold:   277        SH:  4    Dex: 13    Spells: 6/9 levels left

rFire   . . .      SeeInvis .    j - +0 war axe
rCold   . . .      Faith    .    D - +0 buckler
rNeg    . . .      Spirit   .    M - +3 leather armour {Will+}
rPois   .          Reflect  .    B - +0 helmet
rElec   .          Rampage  .    q - +2 cloak {Stlth+}
rCorr   .                        (no gloves)
Will    ++...                    (no boots)
Stlth   +++++                    l - amulet of regeneration
HPRegen 1.15/turn                w - ring of Shadows {Umbra +Inv Stlth+}
MPRegen 0.12/turn                C - ring of willpower

@: on berserk cooldown, hasted and slowed, wreathed by umbra
A: no striking features
a: Evoke Invisibility


You were on level 8 of the Dungeon.
You visited 1 branch of the dungeon, and saw 8 of its levels.

You collected 417 gold pieces.
You spent 140 gold pieces at shops.

Inventory:

Hand Weapons
 a - a +0 hand axe
 c - a +4 spear of venom
 j - a +0 war axe (weapon)
 A - a +0 trident of protection
 I - the +4 war axe of Equivalence {heavy, Int+4}
   (You found it on level 7 of the Dungeon)

   Int:       It affects your intelligence (+4).
Missiles
 i - 71 stones (quivered)
 t - 11 poisoned darts
 y - 3 boomerangs
 G - a throwing net
Armour
 q - a +2 cloak of stealth (worn)
 B - a +0 helmet (worn)
 D - a +0 buckler (worn)
 M - a +3 leather armour of willpower (worn)
Jewellery
 l - an amulet of regeneration (around neck)
 p - a ring of protection from fire
 w - the ring of Shadows (left hand) {Umbra +Inv Stlth+}
   (You found it on level 4 of the Dungeon)

   [ring of stealth]

   Umbra:     It surrounds you with an aura of shadow, increasing your stealth
   and reducing the accuracy of all others within it.
   +Inv:      It lets you turn invisible.
   Stlth:     It makes you more stealthy.
 C - a ring of willpower (right hand)
Wands
 F - a wand of flame (29)
 J - a wand of charming (7)
 L - a wand of polymorph (1)
 N - a wand of iceblast (6)
Scrolls
 e - a scroll of magic mapping {unknown}
 g - 4 scrolls of enchant armour {unknown}
 h - 3 scrolls of blinking {unknown}
 k - 2 scrolls of acquirement {unknown}
 m - 3 scrolls of vulnerability {unknown}
 n - a scroll of summoning {unknown}
 o - 2 scrolls of poison {unknown}
 r - 5 scrolls of teleportation {unknown}
 x - a scroll of enchant weapon {unknown}
 z - 3 scrolls of fog
 H - a scroll of amnesia
 K - a scroll of fear {unknown}
 O - a scroll of identify
Potions
 d - 2 potions of invisibility
 f - 2 potions of curing
 s - a potion of cancellation
 u - a potion of flight
 v - 3 potions of might


   Skills:
 + Level 8.7 Fighting
 * Level 12.7 Axes
 - Level 5.5 Armour
 - Level 2.4 Dodging
 - Level 1.5 Stealth
 + Level 2.1 Shields
 + Level 5.2 Evocations


You had 6 spell levels left.
You knew the following spells:

 Your Spells              Type           Power      Damage    Failure   Level
d - Tukima's Dance        Hex            0%         N/A       87%         3

Your spell library contained the following spells:

 Spells                   Type           Power      Damage    Failure   Level
 Apportation              Tloc           0%         N/A       52%         1
 Necrotise                Necr           0%         1d4       52%         1
 Summon Small Mammal      Summ           0%         N/A       52%         1
 Portal Projectile        Hex/Tloc       0%         N/A       87%         3
 Anguish                  Hex/Necr       0%         N/A       99%         4
 Cause Fear               Hex            0%         N/A       99%         4
 Blade Hands              Tmut           0%         N/A       100%        5
 Enfeeble                 Hex            0%         N/A       100%        7


Dungeon Overview and Level Annotations

Branches:
Dungeon (8/15)             Temple (0/1) D:4
   Lair: D:8-11

Altars:
Elyvilon
Fedhas
Kikubaaqudgha
Makhleb
Nemelex Xobeh
Qazlal
Ru
Trog
Xom
The Shining One

Shops:
D:6 !


Message History

* * * LOW HITPOINT WARNING * * *
The orc warrior hits you with a +0 trident.
* * * LOW HITPOINT WARNING * * *
You feel much better.
The orc warrior hits you with a +0 trident.
The electric eel shoots out a bolt of lightning at you!
The bolt of electricity hits you!
You slash the electric eel!
The electric eel is heavily wounded.
You barely miss the orc warrior. You hit the electric eel.
The orc warrior hits you with a +0 trident.
You closely miss the electric eel.
The electric eel is heavily wounded.
You hit the orc warrior but do no damage.
You miss the electric eel.
The orc warrior splashes around in the water.
You barely miss the electric eel.
The electric eel is heavily wounded.
You closely miss the orc warrior. You barely miss the electric eel.
The orc warrior hits you with a +0 trident!
* * * LOW HITPOINT WARNING * * *
The electric eel shoots out a bolt of lightning at you!
The bolt of electricity hits you.
* * * LOW HITPOINT WARNING * * *
The electric eel shoots out a bolt of lightning at you!
The bolt of electricity hits you.
* * * LOW HITPOINT WARNING * * *
You hit the electric eel.
The electric eel is severely wounded.
You hit the orc warrior. You slash the electric eel!
The orc warrior hits you with a +0 trident.
* * * LOW HITPOINT WARNING * * *
The electric eel shoots out a bolt of lightning at you!
The bolt of electricity hits you!
* * * LOW HITPOINT WARNING * * *
You hit the electric eel.
The electric eel is almost dead.
You closely miss the orc warrior. You miss the electric eel.
The orc warrior hits you with a +0 trident.
You die...

♣♣♣~~...#########...###
♣~~~~♣#.## ##..#
♣♣♣~~~PP♣..### ##.# .
♣♣♣~~≈~~~~~~)..# #.#
+~♣~~P≈~~≈≈~~~♣#.# #.#
♣~~~~~P≈≈≈≈~~~~♣.# #.#
~P~~~~≈≈≈≈≈≈~~~♣)# #.#
S~~P~~~≈~~~†S~)..# #.#
............@....# #.#
~z~~≈≈~~≈~~S~o.~##
#.###
S~~≈≈~~~~~~~~~.~P##
#.##.
~~≈≈~~~♣♣♣~~~).~♣~#
#.##. ~~~≈≈♣♣
♣♣~~P.~~♣♣ #....


P~~PP ♣~~~.~~♣ ####. ~~~~ ♣~≈~.≈~♣ ## PP♣♣ ♣~~≈.~~~# #♣~~.~♣P# You could see an
orc warrior and 2 electric eels.

Vanquished Creatures
  Joseph (D:7)
  Sigmund (D:3)
  A wyvern (D:8)
  Eustachio (D:6)
  A water moccasin (D:6)
  A black bear (D:5)
  2 sky beasts (D:6)
  An ice beast (D:5)
  An ogre (D:5)
  A centaur (D:6)
  2 kobold brigands (D:6)
  A bullfrog (D:7)
  A gnoll sergeant (D:5)
  2 scorpions
  7 wights
  5 killer bees (D:8)
  2 electric eels (D:8)
  2 howler monkeys
  A jelly (D:6)
  3 hounds
  Crazy Yiuf (D:3)
  3 iron imps (D:4)
  2 sleepcaps
  2 iguanas
  6 orc wizards
  Natasha (twice) (D:3)
  14 gnolls
  9 adders
  A white imp (D:8)
  3 worms
  17 orcs
  8 endoplasms
  4 giant cockroaches
  6 goblins
  8 hobgoblins
  9 jackals
  2 quokkas
  3 ball pythons (D:3)
  5 bats
  4 frilled lizards
  14 kobolds
  5 rats
165 creatures vanquished.

Vanquished Creatures (others)
  An orc wizard (D:4)
  5 plants (D:8)
6 creatures vanquished.

Grand Total: 171 creatures vanquished

Notes
Turn   | Place    | Note
-------+----------+-------------------------------------------
     0 | D:1      | ThatPearl the Hill Orc Monk began the quest for the Orb.
     0 | D:1      | Reached XP level 1. HP: 19/19 MP: 1/1
   238 | D:1      | Reached XP level 2. HP: 25/27 MP: 2/2
   613 | D:1      | Reached skill level 5 in Axes
   917 | D:1      | Reached XP level 3. HP: 27/33 MP: 3/3
  1739 | D:3      | Noticed Sigmund
  1754 | D:3      | Killed Sigmund
  1755 | D:3      | Reached skill level 5 in Fighting
  1755 | D:3      | Reached skill level 7 in Axes
  1755 | D:3      | Reached XP level 4. HP: 25/42 MP: 4/4
  1755 | D:3      | Reached XP level 5. HP: 29/48 MP: 5/5
  1755 | D:3      | Reached XP level 6. HP: 34/56 MP: 6/6
  2298 | D:3      | Noticed Natasha
  2312 | D:3      | Killed Natasha
  2324 | D:3      | Found a runed translucent door.
  2325 | D:3      | Noticed Crazy Yiuf
  2336 | D:3      | Killed Crazy Yiuf
  2337 | D:3      | Reached skill level 1 in Armour
  2425 | D:3      | Noticed Natasha
  2433 | D:3      | Killed Natasha
  2662 | D:3      | Learned a level 3 spell: Tukima's Dance
  2749 | D:4      | Found the ring of Shadows {Umbra +Inv Stlth+}
  2840 | D:4      | Reached skill level 8 in Axes
  2886 | D:4      | Found a staircase to the Ecumenical Temple.
  3131 | D:4      | Reached XP level 7. HP: 60/62 MP: 7/7
  3271 | D:4      | Found a burning altar of Makhleb.
  3295 | D:4      | Reached skill level 1 in Evocations
  3434 | D:5      | Entered Level 5 of the Dungeon
  3529 | D:5      | Found a sacrificial altar of Ru.
  3550 | D:5      | Reached skill level 9 in Axes
  3727 | D:5      | Reached XP level 8. HP: 71/71 MP: 8/8
  4288 | D:6      | Noticed Eustachio
  4323 | D:6      | Found Liraw's Distillery.
  4334 | D:6      | Reached skill level 10 in Axes
  4357 | D:6      | Bought a potion of haste for 140 gold pieces
  4394 | D:6      | Killed Eustachio
  4675 | D:6      | Reached XP level 9. HP: 74/79 MP: 9/9
  4789 | D:6      | Reached skill level 11 in Axes
  4987 | D:6      | Reached skill level 5 in Armour
  5254 | D:7      | Identified the +4 war axe of Equivalence {heavy, Int+4}
  5307 | D:7      | Found a shimmering altar of Xom.
  5311 | D:7      | Found a shimmering altar of Xom.
  5317 | D:7      | Found a shimmering altar of Xom.
  5474 | D:7      | Noticed Joseph
  5497 | D:7      | Killed Joseph
  5498 | D:7      | Reached skill level 12 in Axes
  5599 | D:7      | Found an ancient bone altar of Kikubaaqudgha.
  5869 | D:8      | Found a blossoming altar of Fedhas.
  5930 | D:8      | Found a stormy altar of Qazlal.
  5930 | D:8      | Found a sparkling altar of Nemelex Xobeh.
  5937 | D:8      | Found a bloodstained altar of Trog.
  5939 | D:8      | Found a white marble altar of Elyvilon.
  5941 | D:8      | Found a glowing golden altar of the Shining One.
  6040 | D:8      | Reached skill level 1 in Shields
  6053 | D:8      | Reached skill level 5 in Evocations
  6268 | D:8      | Reached XP level 10. HP: 73/90 MP: 10/10
  6363 | D:8      | HP: 3/90 [electric eel/bolt of electricity (8)]
  6364 | D:8      | Slain by an orc warrior

Illustrated notes

Levels and vault maps discovered:
D:1:      kilobyte_arrival_exit_the_forest, layout_loops_ring
D:2:      layout_basic, kennysheep_cluttered_room
D:3:      layout_basic, uniq_crazy_yiuf_cottage, uniq_sigmund, uniq_natasha
D:4:      layout_rooms, demons_altar, minmay_temple_entry_poolview
D:5:      layout_rooms, hangedman_ru_absence, minmay_hedge_maze,
          grunt_decor_arrowhead
D:6:      layout_basic, serial_shops, shop, uniq_eustachio
D:7:      layout_basic, xom_redecorated, kennysheep_mini, uniq_joseph
D:8:      layout_loops_corners, kennysheep_mini_moat, fedhas_altar_3,
          chequers_temple_overflow_minitemple, serial_bayou_lagoon_b

Skill      XL: |  1  2  3  4  5  6  7  8  9 |
---------------+----------------------------+-----
Fighting       | 4 5 6 7 8 |  8.7
Axes           | 5 7 8 9 10 12 | 12.7
Armour         | 1 3 4 5 |  5.5
Evocations     | 2 3 5 |  5.2
Shields        | 2 |  2.1
Dodging        | |  2.4
Stealth        | |  1.5

Action                     |  1- 3 |  4- 6 |  7- 9 | 10-12 || total
---------------------------+-------+-------+-------+-------++-------
  Melee: Hand axe          |    90 |       |       |       ||    90
         War axe           |    47 |   158 |   419 |    28 ||   652
         Punch             |       |     1 |     1 |       ||     2
  Throw: Stone             |       |     1 |     4 |       ||     5
    Use: Potion            |       |       |     2 |     4 ||     6
         Scroll            |       |       |    10 |       ||    10
   Stab: Sleeping          |     4 |     4 |    17 |       ||    25
 Armour: Robe              |    24 |     3 |       |       ||    27
         Leather armour    |       |    40 |   133 |     5 ||   178
         Ring mail         |       |       |     6 |       ||     6
  Dodge: Dodged            |   113 |    83 |   279 |    11 ||   486
  Block: Buckler           |       |       |       |     3 ||     3

Table legend: (Time is in decaauts)
 A = Elapsed time spent in this place.
 B = Non-inter-level travel time spent in this place.
 C = Inter-level travel time spent in this place.
 D = Time resting spent in this place.
 E = Time spent auto-exploring this place.
 F = Levels seen in this place.
 G = Mean time per level.
                   A        B        C        D        E       F      G
               +--------+--------+--------+--------+--------+-----+--------+
         Total |   6396 |   6182 |    214 |    182 |   4248 |   8 |  799.5 |
       Dungeon |   6396 |   6182 |    214 |    182 |   4248 |   8 |  799.5 |
               +--------+--------+--------+--------+--------+-----+--------+

Top non-repeatable levels by time:
     D:1: 1078 daAuts
     D:3: 1002 daAuts
     D:6: 882 daAuts
     D:5: 860 daAuts
     D:4: 780 daAuts
     D:7: 683 daAuts
     D:2: 620 daAuts
     D:8: 488 daAuts
